3AAA
ATHLETIC CLUB KC RESERVES @ SANTA BARBARA GOLDEN CRANES
09/15/2042
 
TOP OF THE 1ST
Athletic Club KC Reserves batting - Pitching for Santa Barbara Golden Cranes : RHP Claude Khatoon
Pitching: RHP Claude Khatoon
Batting: RHB Marcos Quintana 0-0: Ball
1-0: Ball
2-0: Ball
3-0: Base on Balls
Batting: SHB Gary Hopkins 0-0: Ball
1-0: Swinging Strike
1-1: Called Strike
1-2: Strikes out looking
Batting: RHB Dick Barnett 0-0: Called Strike
0-1: Foul Ball, location: 2F
0-2: Ball
1-2: Foul Ball, location: 2F
1-2: Strikes out looking
Batting: LHB Oriol Fernández 0-0: 2-RUN HOME RUN (Flyball, 9LD, EV 100.6 MPH), Distance : 343 ft
Batting: SHB Michael Evershed 0-0: Called Strike
0-1: Called Strike
0-2: Ball
1-2: Foul Ball, location: 2F
1-2: Ball
2-2: Ball
3-2: Strikes out looking
Top of the 1st over - 2 runs, 1 hit, 0 errors, 0 left on base; Athletic Club KC 2 - Santa Barbara 0
BOTTOM OF THE 1ST
Santa Barbara Golden Cranes batting - Pitching for Athletic Club KC Reserves : RHP Billy Fitzgerald Jr.
Pitching: RHP Billy Fitzgerald Jr.
Batting: RHB Jody Clark 0-0: Ball
1-0: Ball
2-0: Foul Ball, location: 2F
2-1: Fly out, F3 (Popup, 34S, EV 60.6 MPH)
Batting: RHB José Avilés 0-0: Ball
1-0: Called Strike
1-1: Ball
2-1: Ball
3-1: SOLO HOME RUN (Flyball, 78XD, EV 100.6 MPH), Distance : 416 ft
Batting: LHB Jamie Starr 0-0: Ball
1-0: Ball
2-0: Foul Ball, location: 2F
2-1: Ground out U3 (Groundball, 3L, EV 104.4 MPH)
Batting: LHB Steve Murdock 0-0: Called Strike
0-1: Ground out 1-3 (Groundball, 34S, EV 84.4 MPH)
Bottom of the 1st over - 1 run, 1 hit, 0 errors, 0 left on base; Athletic Club KC 2 - Santa Barbara 1
TOP OF THE 2ND
Athletic Club KC Reserves batting - Pitching for Santa Barbara Golden Cranes : RHP Claude Khatoon
Batting: LHB Thomas Nealy 0-0: Foul Ball, location: 2F
0-1: Called Strike
0-2: Ball
1-2: Fly out, F7 (Flyball, 7S, EV 91.9 MPH)
Batting: LHB Ted Reed 0-0: Ball
1-0: Ball
2-0: Ball
3-0: Called Strike
3-1: Base on Balls
Batting: RHB Gabriel Martínez 0-0: Foul Ball, location: 2F
0-1: Swinging Strike
Ted Reed is caught stealing 2nd base 2-4
0-2: Ground out 1-3 (Groundball, 15S, EV 66.9 MPH)
Top of the 2nd over - 0 runs, 0 hits, 0 errors, 0 left on base; Athletic Club KC 2 - Santa Barbara 1
BOTTOM OF THE 2ND
Santa Barbara Golden Cranes batting - Pitching for Athletic Club KC Reserves : RHP Billy Fitzgerald Jr.
Batting: RHB John Ricks 0-0: Foul Ball, location: 2F
0-1: Ball
1-1: Swinging Strike
1-2: Foul Ball, location: 2F
1-2: Fly out, F8 (Flyball, 8LS, EV 91.2 MPH)
Batting: LHB Alfredo Garza 0-0: Swinging Strike
0-1: Ball
1-1: Ball
2-1: SINGLE (Flyball, 5D, EV 99.4 MPH)
Batting: RHB Pat Lloyd 0-0: Ground out 4-3 (Groundball, 4MS, EV 86.2 MPH)
Alfredo Garza to second
Batting: LHB Kyle Mullens 0-0: Ball
1-0: Ground out 6-3 (Groundball, 56, EV 83.8 MPH)
Bottom of the 2nd over - 0 runs, 1 hit, 0 errors, 1 left on base; Athletic Club KC 2 - Santa Barbara 1
TOP OF THE 3RD
Athletic Club KC Reserves batting - Pitching for Santa Barbara Golden Cranes : RHP Claude Khatoon
Batting: RHB Daniel Hannaford 0-0: Swinging Strike
0-1: Ball
1-1: Fly out, F3 (Line Drive, 3, EV 61.9 MPH)
Batting: RHB Marcos Quintana 0-0: Ball
1-0: DOUBLE (Line Drive, 9LS, EV 103.8 MPH)
Batting: SHB Gary Hopkins 0-0: Foul Ball, location: 2F
0-1: Called Strike
0-2: Strikes out swinging
Batting: RHB Dick Barnett 0-0: Ground out 5-3 (Groundball, 5L, EV 97.5 MPH)
Top of the 3rd over - 0 runs, 1 hit, 0 errors, 1 left on base; Athletic Club KC 2 - Santa Barbara 1
BOTTOM OF THE 3RD
Santa Barbara Golden Cranes batting - Pitching for Athletic Club KC Reserves : RHP Billy Fitzgerald Jr.
Batting: LHB Tso-lin Shuo 0-0: Swinging Strike
0-1: Ball
1-1: Ball
2-1: Ball
3-1: Fly out, F8 (Line Drive, 8LM, EV 110.0 MPH)
Batting: RHB Jody Clark 0-0: Called Strike
0-1: Foul Ball, location: 2F
0-2: SINGLE (Groundball, 6MD, EV 103.8 MPH)
Batting: RHB José Avilés 0-0: Foul Ball, location: 2F
0-1: Ball
1-1: Ball
2-1: Grounds into double play, 4-6-3 (Groundball, 34, EV 98.8 MPH)
Bottom of the 3rd over - 0 runs, 1 hit, 0 errors, 0 left on base; Athletic Club KC 2 - Santa Barbara 1
TOP OF THE 4TH
Athletic Club KC Reserves batting - Pitching for Santa Barbara Golden Cranes : RHP Claude Khatoon
Batting: LHB Oriol Fernández 0-0: Ball
1-0: Called Strike
1-1: Ball
2-1: Ball
3-1: Called Strike
3-2: Ground out 6-3 (Groundball, 6, EV 78.1 MPH)
Batting: SHB Michael Evershed 0-0: Called Strike
0-1: Ball
1-1: Foul Ball, location: 2F
1-2: Foul Ball, location: 2F
1-2: Ball
2-2: Foul Ball, location: 2F
2-2: Ball
3-2: SINGLE (Groundball, 6MS, EV 83.8 MPH) (infield hit)
Batting: LHB Thomas Nealy 0-0: Called Strike
0-1: Ball
1-1: Ball
2-1: Ball
3-1: Base on Balls
Michael Evershed to second
Batting: LHB Ted Reed 0-0: Called Strike
0-1: Ball
1-1: Swinging Strike
1-2: Ball
2-2: Strikes out swinging
Batting: RHB Gabriel Martínez 0-0: Swinging Strike
0-1: Foul Ball, location: 2F
0-2: Ball
1-2: Ball
2-2: SINGLE (Line Drive, 56, EV 98.8 MPH)
Michael Evershed to third
Thomas Nealy to second
Runner from 3rd tries for Home, SAFE, no throw by LF
Batting: RHB Daniel Hannaford 0-0: Foul Ball, location: 2F
0-1: Called Strike
0-2: Foul Ball, location: 2F
0-2: Fly out, F8 (Flyball, 8RD, EV 93.8 MPH)
Top of the 4th over - 1 run, 2 hits, 0 errors, 2 left on base; Athletic Club KC 3 - Santa Barbara 1
BOTTOM OF THE 4TH
Santa Barbara Golden Cranes batting - Pitching for Athletic Club KC Reserves : RHP Billy Fitzgerald Jr.
Batting: LHB Jamie Starr 0-0: Ground out 4-3 (Groundball, 4, EV 75.6 MPH)
Batting: LHB Steve Murdock 0-0: Ground out 4-3 (Groundball, 34D, EV 100.6 MPH)
Batting: RHB John Ricks 0-0: Ball
1-0: Called Strike
1-1: Ground out 6-3 (Groundball, 6, EV 81.2 MPH)
Bottom of the 4th over - 0 runs, 0 hits, 0 errors, 0 left on base; Athletic Club KC 3 - Santa Barbara 1
TOP OF THE 5TH
Athletic Club KC Reserves batting - Pitching for Santa Barbara Golden Cranes : RHP Claude Khatoon
Batting: RHB Marcos Quintana 0-0: Ball
1-0: Swinging Strike
1-1: Swinging Strike
1-2: Ball
2-2: Strikes out swinging
Batting: SHB Gary Hopkins 0-0: Ball
1-0: Ball
2-0: Ball
3-0: Base on Balls
Batting: RHB Dick Barnett 0-0: Called Strike
0-1: Ball
1-1: Ball
2-1: Called Strike
2-2: Ball
3-2: Base on Balls
Gary Hopkins to second
Batting: LHB Oriol Fernández 0-0: SINGLE (Groundball, 34D, EV 95.0 MPH)
Gary Hopkins to third
Dick Barnett to second
Batting: SHB Michael Evershed 0-0: Called Strike
0-1: Called Strike
0-2: Ball
1-2: Ball
2-2: Foul Ball, location: 2F
2-2: Ball
3-2: Base on Balls
Gary Hopkins scores
Dick Barnett to third
Oriol Fernández to second
Batting: LHB Thomas Nealy 0-0: Ball
1-0: Called Strike
1-1: Ball
2-1: GRAND SLAM HOME RUN (Flyball, 9D, EV 94.4 MPH), Distance : 342 ft
Pitching: RHP Nésto Gago
Batting: LHB Ted Reed 0-0: Called Strike
0-1: Foul Ball, location: 2F
0-2: Strikes out swinging
Batting: RHB Gabriel Martínez 0-0: Called Strike
0-1: Ball
1-1: SINGLE (Groundball, 34D, EV 108.8 MPH)
Batting: RHB Daniel Hannaford 0-0: Ball
1-0: Called Strike
1-1: DOUBLE (Line Drive, 8RD, EV 101.2 MPH)
Gabriel Martínez to third
Runner from 3rd tries for Home, throw by CF and OUT! 8-4-2
Top of the 5th over - 5 runs, 4 hits, 0 errors, 1 left on base; Athletic Club KC 8 - Santa Barbara 1
BOTTOM OF THE 5TH
Santa Barbara Golden Cranes batting - Pitching for Athletic Club KC Reserves : RHP Billy Fitzgerald Jr.
Batting: LHB Alfredo Garza 0-0: Foul Ball, location: 2F
0-1: Ball
1-1: Swinging Strike
1-2: SINGLE (Line Drive, 78S, EV 106.2 MPH)
Batting: RHB Pat Lloyd 0-0: Swinging Strike
Alfredo Garza steals 2nd base (no throw)
0-1: Ball
1-1: Fly out, F9 (Flyball, 9LD, EV 104.4 MPH)
Batting: LHB Kyle Mullens 0-0: Foul Ball, location: 2F
0-1: Ball
1-1: SINGLE (Groundball, 6MS, EV 73.1 MPH) (infield hit)
Alfredo Garza to third
Batting: LHB Tso-lin Shuo 0-0: Called Strike
0-1: Foul Ball, location: 2F
0-2: Strikes out looking
Batting: RHB Jody Clark 0-0: Called Strike
0-1: Swinging Strike
0-2: Ball
1-2: Foul Ball, location: 2F
1-2: Foul Ball, location: 2F
1-2: Ball
2-2: DOUBLE (Line Drive, 9LD, EV 110.6 MPH)
Alfredo Garza scores
Kyle Mullens to third
Batting: RHB José Avilés 0-0: Ball
1-0: SINGLE (Groundball, 6MD, EV 108.1 MPH)
Kyle Mullens scores
Jody Clark to third
Runner from 3rd tries for Home, SAFE, throw by CF to home
Batting: LHB Jamie Starr 0-0: Ball
1-0: Ball
2-0: Ball
3-0: Base on Balls
José Avilés to second
Batting: LHB Steve Murdock 0-0: Ball
1-0: Ball
2-0: Ground out U3 (Groundball, 3S, EV 90.0 MPH)
Bottom of the 5th over - 3 runs, 4 hits, 0 errors, 2 left on base; Athletic Club KC 8 - Santa Barbara 4
TOP OF THE 6TH
Athletic Club KC Reserves batting - Pitching for Santa Barbara Golden Cranes : RHP Nésto Gago
Batting: RHB Marcos Quintana 0-0: Foul Ball, location: 2F
0-1: Called Strike
0-2: Foul Ball, location: 2F
0-2: Foul Ball, location: 2F
0-2: Ground out 4-3 (Groundball, 4, EV 103.1 MPH)
Batting: SHB Gary Hopkins 0-0: Ball
1-0: Foul Ball, location: 2F
1-1: Ground out 6-3 (Groundball, 6, EV 91.2 MPH)
Batting: RHB Dick Barnett 0-0: Fly out, F3 (Popup, 3SF, EV 70.0 MPH)
Top of the 6th over - 0 runs, 0 hits, 0 errors, 0 left on base; Athletic Club KC 8 - Santa Barbara 4
BOTTOM OF THE 6TH
Santa Barbara Golden Cranes batting - Pitching for Athletic Club KC Reserves : RHP Billy Fitzgerald Jr.
Batting: RHB John Ricks 0-0: Ground out 4-3 (Groundball, 4, EV 86.9 MPH)
Batting: LHB Alfredo Garza 0-0: Ball
1-0: Ball
2-0: Called Strike
2-1: Foul Ball, location: 2F
2-2: Ball
3-2: Foul Ball, location: 2F
3-2: Base on Balls
Batting: RHB Pat Lloyd 0-0: Foul Ball, location: 2F
0-1: Ball
1-1: Ball
2-1: Foul Ball, location: 2F
2-2: SINGLE (Groundball, 4D, EV 98.8 MPH)
Alfredo Garza to second
Runner from 2nd tries for 3rd, SAFE, no throw by CF
Batting: LHB Kyle Mullens 0-0: Called Strike
0-1: Ball
1-1: Foul Ball, location: 2F
1-2: Ball
2-2: Fly out, F3 (Popup, 3S, EV 80.6 MPH)
Batting: LHB Tso-lin Shuo 0-0: Fly out, F7 (Flyball, 7D, EV 101.9 MPH)
Bottom of the 6th over - 0 runs, 1 hit, 0 errors, 2 left on base; Athletic Club KC 8 - Santa Barbara 4
TOP OF THE 7TH
Athletic Club KC Reserves batting - Pitching for Santa Barbara Golden Cranes : RHP Nésto Gago
Batting: LHB Oriol Fernández 0-0: Fly out, F9 (Flyball, 9S, EV 78.1 MPH)
Batting: SHB Michael Evershed 0-0: Ball
1-0: Ball
2-0: Foul Ball, location: 2F
2-1: Called Strike
2-2: Ball
3-2: Foul Ball, location: 2F
3-2: Base on Balls
Batting: LHB Thomas Nealy 0-0: Swinging Strike
0-1: Foul Ball, location: 2F
0-2: Foul Ball, location: 2F
0-2: Ball
1-2: Ball
2-2: Ball
3-2: SINGLE (Groundball, 34, EV 106.2 MPH) (infield hit)
Michael Evershed to second
Batting: LHB Ted Reed 0-0: Fielders Choice at 2nd, 6-4 (Groundball, 6, EV 80.6 MPH)
Michael Evershed to third
Batting: RHB Gabriel Martínez 0-0: Called Strike
0-1: Called Strike
0-2: Ball
1-2: Foul Ball, location: 2F
1-2: Ball
2-2: Strikes out swinging
Top of the 7th over - 0 runs, 1 hit, 0 errors, 2 left on base; Athletic Club KC 8 - Santa Barbara 4
BOTTOM OF THE 7TH
Santa Barbara Golden Cranes batting - Pitching for Athletic Club KC Reserves : RHP Billy Fitzgerald Jr.
Batting: RHB Jody Clark 0-0: Ball
1-0: Called Strike
1-1: Ground out 5-3 (Groundball, 56S, EV 93.8 MPH)
Pitching: RHP Todd Garrett
Batting: RHB José Avilés 0-0: Called Strike
0-1: Ball
1-1: Hit by Pitch
Batting: LHB Jamie Starr 0-0: Called Strike
0-1: Called Strike
0-2: Strikes out looking
Batting: LHB Steve Murdock 0-0: Foul Ball, location: 2F
0-1: Ball
1-1: SINGLE (Line Drive, 7LS, EV 89.4 MPH)
José Avilés to second
Batting: RHB John Ricks 0-0: Ball
1-0: Foul Ball, location: 2F
1-1: Ball
2-1: Ball
3-1: Foul Ball, location: 2F
3-2: Base on Balls
José Avilés to third
Steve Murdock to second
Batting: LHB Alfredo Garza 0-0: Called Strike
0-1: Ball
1-1: SINGLE (Groundball, 5D, EV 106.9 MPH)
José Avilés scores
Steve Murdock to third
John Ricks to second
Batting: RHB Pat Lloyd 0-0: Foul Ball, location: 2F
0-1: Ground out 6-3 (Groundball, 6MS, EV 80.6 MPH)
Bottom of the 7th over - 1 run, 2 hits, 0 errors, 3 left on base; Athletic Club KC 8 - Santa Barbara 5
TOP OF THE 8TH
Athletic Club KC Reserves batting - Pitching for Santa Barbara Golden Cranes : RHP Nésto Gago
Batting: RHB Daniel Hannaford 0-0: Fly out, F9 (Line Drive, 9, EV 85.6 MPH)
Batting: RHB Marcos Quintana 0-0: Ball
1-0: Ball
2-0: SINGLE (Line Drive, 4M, EV 95.6 MPH)
Batting: SHB Gary Hopkins 0-0: Called Strike
Marcos Quintana steals 2nd, throwing error, E2
Marcos Quintana to third
0-1: Foul Ball, location: 2F
0-2: Foul Ball, location: 2F
0-2: Ball
1-2: Ball
2-2: Strikes out swinging
Batting: RHB Dick Barnett 0-0: Called Strike
0-1: Ball
1-1: Called Strike
1-2: Hit by Pitch
Batting: LHB Oriol Fernández 0-0: Ball
1-0: Ball
2-0: Ball
3-0: Called Strike
3-1: Swinging Strike
3-2: Strikes out swinging
Top of the 8th over - 0 runs, 1 hit, 1 error, 2 left on base; Athletic Club KC 8 - Santa Barbara 5
BOTTOM OF THE 8TH
Santa Barbara Golden Cranes batting - Pitching for Athletic Club KC Reserves : RHP Todd Garrett
Pitching: RHP Grant Gremel
Batting: LHB Kyle Mullens 0-0: Called Strike
0-1: Ball
1-1: Foul Ball, location: 2F
1-2: Strikes out swinging
Batting: LHB Tso-lin Shuo 0-0: Ball
1-0: Foul Ball, location: 2F
1-1: Ground out U3 (Groundball, 3L, EV 82.5 MPH)
Batting: RHB Jody Clark 0-0: Ball
1-0: Fly out, F7 (Flyball, 7D, EV 109.4 MPH)
Bottom of the 8th over - 0 runs, 0 hits, 0 errors, 0 left on base; Athletic Club KC 8 - Santa Barbara 5
TOP OF THE 9TH
Athletic Club KC Reserves batting - Pitching for Santa Barbara Golden Cranes : RHP Nésto Gago
Batting: SHB Michael Evershed 0-0: Ball
1-0: Foul Ball, location: 2F
1-1: Ball
2-1: Swinging Strike
2-2: Ball
3-2: Fly out, F9 (Flyball, 9S, EV 76.9 MPH)
Batting: LHB Thomas Nealy 0-0: Ball
1-0: Ball
2-0: Ball
3-0: Swinging Strike
3-1: Base on Balls
Pitching: RHP Marcos Oquendo
Batting: LHB Ted Reed 0-0: Ball
1-0: Foul Ball, location: 2F
1-1: SINGLE (Flyball, 7LS, EV 91.2 MPH)
Thomas Nealy to second
Batting: RHB Gabriel Martínez 0-0: Called Strike
0-1: Ball
1-1: Called Strike
1-2: Ball
2-2: Ball
3-2: Foul Ball, location: 2F
3-2: DOUBLE (Flyball, 8RD, EV 90.0 MPH)
Thomas Nealy scores
Ted Reed to third
Batting: RHB Daniel Hannaford 0-0: Intentional Walk
Batting: RHB Marcos Quintana 0-0: Ball
1-0: Ball
Passed Ball!
Ted Reed scores
Gabriel Martínez to third
Daniel Hannaford to second
2-0: Called Strike
2-1: Ball
3-1: Foul Ball, location: 2F
3-2: Base on Balls
Batting: SHB Gary Hopkins 0-0: Foul Ball, location: 2F
0-1: Ball
1-1: Called Strike
1-2: DOUBLE (Line Drive, 5D, EV 98.8 MPH)
Gabriel Martínez scores
Daniel Hannaford scores
Marcos Quintana to third
Runner from 3rd tries for Home, SAFE, no throw by LF
Pitching: RHP Robin Colcord
Batting: RHB Dick Barnett 0-0: Foul Ball, location: 2F
0-1: SINGLE (Groundball, 6M, EV 105.0 MPH) (infield hit)
Gary Hopkins to third
Batting: LHB Oriol Fernández 0-0: Called Strike
0-1: Ball
1-1: Foul Ball, location: 2F
1-2: Ball
2-2: Strikes out swinging
Batting: SHB Michael Evershed 0-0: Swinging Strike
0-1: Ball
1-1: Foul Ball, location: 2F
1-2: Strikes out swinging
Top of the 9th over - 5 runs, 4 hits, 0 errors, 2 left on base; Athletic Club KC 13 - Santa Barbara 5
BOTTOM OF THE 9TH
Santa Barbara Golden Cranes batting - Pitching for Athletic Club KC Reserves : RHP Grant Gremel
Pinch Hitting: RHB Benjamin Blunsdon 0-0: Called Strike
0-1: Ball
1-1: Foul Ball, location: 2F
1-2: Ball
2-2: Foul Ball, location: 2F
2-2: Foul Ball, location: 2F
2-2: Foul Ball, location: 2F
2-2: Ball
3-2: Strikes out swinging
Batting: LHB Jamie Starr 0-0: Called Strike
0-1: Ball
1-1: Foul Ball, location: 2F
1-2: Ball
2-2: Foul Ball, location: 2F
2-2: Ball
3-2: Base on Balls
Batting: LHB Steve Murdock 0-0: Called Strike
Balk!
Jamie Starr to second
0-1: Called Strike
0-2: Ball
1-2: Ball
2-2: Ball
3-2: Strikes out swinging
Pinch Hitting: RHB Clint Morgan 0-0: Called Strike
0-1: SINGLE (Flyball, 56D, EV 88.1 MPH)
Jamie Starr to third
Batting: LHB Alfredo Garza 0-0: Called Strike
0-1: Ball
1-1: SINGLE (Line Drive, 4MD, EV 98.1 MPH)
Jamie Starr scores
Clint Morgan to second
Pinch Hitting: RHB Y-Tic Amanap 0-0: Ball
1-0: Ball
2-0: Ball
3-0: Base on Balls
Clint Morgan to third
Alfredo Garza to second
Batting: LHB Kyle Mullens 0-0: Ball
1-0: Foul Ball, location: 2F
1-1: Fielders Choice at 2nd, 5-4 (Groundball, 56, EV 89.4 MPH)
Bottom of the 9th over - 1 run, 2 hits, 0 errors, 3 left on base; Athletic Club KC 13 - Santa Barbara 6
Friday, March 26th, 2021 - OOTP Baseball 20.8 Build 74